 Dungeon Crawl Stone Soup version 0.17-b1-22-g5359643 (console) character file.

161 Kloppie the Skirmisher (level 5, -1/47 HPs)
             Began as a Hill Orc Assassin on Nov 5, 2015.
             Slain by a scorpion (6 damage)
             ... on level 4 of the Dungeon.
             The game lasted 00:09:26 (2402 turns).

Kloppie the Skirmisher (Hill Orc Assassin)          Turns: 2402, Time: 00:09:26

Health: -1/47      AC: 14    Str: 15    XL:     5   Next: 42%
Magic:  5/5        EV:  6    Int: 11    God:
Gold:   230        SH:  0    Dex: 12    Spells: 0 memorised, 4 levels left

rFire  . . .     SeeInvis .     a - +2 dagger
rCold  . . .     Clarity  .     o - +0 chain mail
rNeg   . . .     SustAt   .     (no shield)
rPois  .         Gourm    .     u - +2 helmet
rElec  .         Spirit   .     d - +0 cloak
rCorr  .         Warding  .     q - +0 pair of gloves
rMut   .         Stasis   .     (no boots)
MR     .....                    (no amulet)
Stlth  ..........               (no ring)
                                (no ring)

@: lethally poisoned (-1 -> -24), not resistant to hostile enchantments,
extremely unstealthy
A: no striking features
a: no special abilities


You were on level 4 of the Dungeon.
You were very hungry.

You visited 1 branch of the dungeon, and saw 4 of its levels.

You collected 230 gold pieces.

Inventory:

Hand Weapons
 a - a +2 dagger (weapon)
 b - a +0 blowgun
Missiles
 e - 18 poisoned needles
 f - 2 curare-tipped needles
 F - 5 needles of paralysis
Armour
 d - a +0 cloak (worn)
 l - a +0 pair of gloves
 n - a +0 buckler
 o - a +0 chain mail (worn)
 q - a +0 pair of gloves (worn)
 u - a +2 helmet (worn)
Jewellery
 p - a +2 ring of intelligence {unknown}
Scrolls
 c - a scroll of recharging {unknown}
 h - 2 scrolls of enchant armour {unknown}
 j - 4 scrolls of remove curse {unknown}
 s - a scroll of teleportation {unknown}
 v - 2 scrolls of immolation {unknown}
 w - 2 scrolls of identify {unknown}
 y - a scroll of blinking {unknown}
 E - a scroll of random uselessness {unknown}
Potions
 i - 4 potions of curing {unknown}
 m - a potion of mutation {unknown}
 r - 2 potions of ambrosia {unknown}
 t - a potion of lignification {unknown}
 x - 3 potions of degeneration {unknown}
 z - a potion of poison {unknown}
 B - a potion of agility {unknown}
 D - a potion of berserk rage {unknown}
Books
 A - a book of Geomancy

   Spells                             Type                      Level
   a - Sandblast                      Earth                        1
   b - Stoneskin                      Transmutation/Earth          2
   c - Passwall                       Transmutation/Earth          3
   d - Stone Arrow                    Conjuration/Earth            3
   e - Petrify                        Transmutation/Earth          4
   f - Lee's Rapid Deconstruction     Earth                        5
Comestibles
 g - 8 bread rations
 k - 2 slices of pizza
 C - a fruit


   Skills:
 + Level 4.9 Fighting
 - Level 2.0 Short Blades
 - Level 1.7 Throwing
 + Level 3.7 Armour
 - Level 0.7 Dodging
 - Level 3.2 Stealth


You had 4 spell levels left.
You didn't know any spells.

Dungeon Overview and Level Annotations

Branches:
Dungeon (4/15)
 Temple: D:4-7

Altars:
Makhleb
Nemelex Xobeh
Yredelemnul
Zin

Annotations:
D:2 1 runed door


Message History

* * * LOW HITPOINT WARNING * * *
You feel sick.
The scorpion stings you but does no damage.
You closely miss the scorpion.
The scorpion is heavily wounded.
* * * LOW HITPOINT WARNING * * *
You feel sick. The scorpion stings you.
* * * LOW HITPOINT WARNING * * *
You are more poisoned.
The scorpion poisons you!
You hit the scorpion but do no damage.
The scorpion is heavily wounded.
* * * LOW HITPOINT WARNING * * *
You feel sick.
The scorpion stings you but does no damage.
You hit the scorpion but do no damage.
The scorpion is heavily wounded.
* * * LOW HITPOINT WARNING * * *
You feel sick. The scorpion stings you.
You die...

.........
.........
.........
#........
+.....(..
#........
#s...<...
##+#@.......
#......#####
#......#
#......#
#......#
#......#
+......+
#......#
.....###
.....+
.....#


You could see a scorpion.

Vanquished Creatures
  A centaur (D:3)
  An adder (D:3)
  2 worms (D:2)
  2 giant geckos
  A ball python (D:1)
  6 bats
  5 giant cockroaches
  9 goblins
  5 hobgoblins
  4 jackals (D:2)
  A quokka (D:2)
  4 giant newts
  A jackal skeleton (D:2)
  10 kobolds
  A kobold zombie (D:2)
  7 rats
60 creatures vanquished.

Notes
Turn   | Place    | Note
--------------------------------------------------------------
     0 | D:1      | Kloppie the Hill Orc Assassin began the quest for the Orb.
     0 | D:1      | Reached XP level 1. HP: 18/18 MP: 1/1
   260 | D:1      | Reached skill level 1 in Armour
   260 | D:1      | Reached XP level 2. HP: 15/25 MP: 2/2
   918 | D:1      | Reached XP level 3. HP: 31/31 MP: 3/3
  1099 | D:2      | Found a burning altar of Makhleb.
  1100 | D:2      | Found a glowing silver altar of Zin.
  1100 | D:2      | Noticed an angel
  1101 | D:2      | Noticed a blizzard demon
  1208 | D:2      | You fall through a shaft!
  1234 | D:2      | Found a sparkling altar of Nemelex Xobeh.
  1289 | D:2      | Noticed a human
  1526 | D:2      | Found a runed door.
  1577 | D:2      | Found a basalt altar of Yredelemnul.
  1726 | D:3      | Reached XP level 4. HP: 38/40 MP: 4/4
  1861 | D:3      | Noticed a centaur
  1880 | D:3      | Killed a centaur
  1880 | D:3      | Reached skill level 4 in Fighting
  1880 | D:3      | Reached XP level 5. HP: 17/47 MP: 5/5
  2402 | D:4      | Slain by a scorpion

Action                   |  1- 3 |  4- 6 || total
-------------------------+-------+-------++-------
Melee: Dagger            |   234 |    86 ||   320
 Stab: Sleeping          |     2 |       ||     2
  Eat: Chunk             |     3 |       ||     3
       Fruit             |       |     1 ||     1
